 Dungeon Crawl Stone Soup version 0.25.0-3-gd7cc5688da (webtiles) character file.

Game seed: 14676657538315605203

110 MisterFreud the Poker (level 4, -4/34 HPs)
             Began as a Gnoll Wanderer on June 15, 2020.
             Killed from afar by an orc wizard (9 damage)
             ... with a puff of flame
             ... on level 3 of the Dungeon.
             The game lasted 00:02:22 (1847 turns).

MisterFreud the Poker (Gnoll Wanderer)              Turns: 1847, Time: 00:02:23

Health: -4/34      AC:  8    Str: 14    XL:     4   Next: 91%
Magic:  8/8        EV:  7    Int: 14    God:
Gold:   132        SH:  5    Dex: 16    Spells: 9/9 levels left

rFire    . . .     SeeInvis .   a - +2 spear
rCold    . . .     Gourm    .   t - +0 buckler
rNeg     . . .     Faith    .   p - +0 chain mail
rPois    .         Spirit   .   (no helmet)
rElec    .         Reflect  .   (no cloak)
rCorr    .         Harm     .   (no gloves)
MR       .....                  (no boots)
Stlth    ..........             (no amulet)
HPRegen  0.11/turn              (no ring)
MPRegen  0.11/turn              (no ring)

@: no status effects
A: distributed training, fangs 1, strong nose
a: no special abilities


You were on level 3 of the Dungeon.
You were not hungry.

You visited 1 branch of the dungeon, and saw 3 of its levels.

You collected 132 gold pieces.

Inventory:

Hand Weapons
 a - a +2 spear (weapon)
Missiles
 e - 24 poisoned darts (quivered)
 f - 72 stones
 o - 19 bolts
Armour
 c - a +0 robe
 p - a +0 chain mail (worn)
 t - a +0 buckler (worn)
Wands
 v - a wand of digging (4)
Scrolls
 h - 7 scrolls of identify {unknown}
 i - a scroll of remove curse {unknown}
 k - 2 scrolls of fog {unknown}
 l - a scroll of magic mapping {unknown}
 m - a scroll of teleportation {unknown}
 s - a scroll of immolation {unknown}
Potions
 b - a potion of lignification
 g - 3 potions of resistance {unknown}
 j - 3 potions of haste {unknown}
 n - 2 potions of invisibility {unknown}
 r - a potion of heal wounds {unknown}
 u - 2 potions of degeneration {unknown}
Comestibles
 d - 4 rations
 q - 4 chunks of flesh


   Skills:
 + Level 2.8 Fighting
 + Level 1.2 Short Blades
 + Level 1.2 Long Blades
 + Level 1.2 Axes
 + Level 1.2 Maces & Flails
 + Level 6.6 Polearms
 + Level 1.2 Staves
 + Level 1.2 Slings
 + Level 1.2 Bows
 + Level 1.2 Crossbows
 + Level 1.2 Throwing
 + Level 1.2 Armour
 + Level 2.8 Dodging
 + Level 1.2 Stealth
 + Level 4.7 Shields
 + Level 1.2 Unarmed Combat
 + Level 3.0 Spellcasting
 + Level 1.0 Conjurations
 + Level 1.0 Hexes
 + Level 3.9 Charms
 + Level 1.0 Summonings
 + Level 1.0 Necromancy
 + Level 1.0 Translocations
 + Level 1.0 Transmutations
 + Level 1.0 Fire Magic
 + Level 1.0 Ice Magic
 + Level 1.0 Air Magic
 + Level 1.0 Earth Magic
 + Level 1.0 Poison Magic
 + Level 1.4 Invocations
 + Level 1.2 Evocations


You had 9 spell levels left.
You didn't know any spells.
Your spell library was empty.

Dungeon Overview and Level Annotations

Branches:
Dungeon (3/15)

Altars:
Ashenzari
Gozag
Kikubaaqudgha
Okawaru
Uskayaw
Vehumet


Innate Abilities, Weirdness & Mutations

Your experience applies equally to all skills.
You have very sharp teeth.
Your uncanny sense of smell can sniff out nearby items.


Message History

An orc wizard appears from thin air!
Reactivating autopickup.
The orc wizard hits you but does no damage.
The orc hits you but does no damage.
The orc wizard points at you and mumbles some strange words.
The magic dart hits you.
* * * LOW HITPOINT WARNING * * *
The orc wizard mumbles some strange words.
The orc wizard flickers and vanishes!
Deactivating autopickup; reactivate with Ctrl-A.
You block the orc's attack. The orc hits you but does no damage.
Some of the chunks of flesh in your inventory have rotted away.
You block the orc's attack.
A puff of flame appears from out of thin air!
The puff of flame hits you!
* * * LOW HITPOINT WARNING * * *
A puff of flame appears from out of thin air!
The puff of flame hits you!
You die...

###### #.o..# #.##.#
#o##.########
#{##.##......
#.##.##......
#.##o##......
#############{##.##..÷...
#.......@.....##...>.÷...
##.################......
#)# #...... #.# #......
#.# #...... #.#######
#...... #......<# #......
######### #...... #######


There were no monsters in sight!

Vanquished Creatures
  A hound (D:3)
  An adder (D:2)
  An ooze (D:2)
  4 worms (D:2)
  2 dart slugs (D:1)
  2 leopard geckos
  4 orcs (D:3)
  10 bats
  A giant cockroach (D:2)
  2 goblins
  5 hobgoblins
  6 kobolds
  2 frilled lizards
  6 rats
47 creatures vanquished.

Notes
Turn   | Place    | Note
-------+----------+-------------------------------------------
     0 | D:1      | MisterFreud the Gnoll Wanderer began the quest for the Orb.
     0 | D:1      | MisterFreud set off with the following items: a +2 spear, a
                  | potion of lignification, a +0 robe, a ration
     0 | D:1      | Reached XP level 1. HP: 17/17 MP: 4/4
    98 | D:1      | Reached XP level 2. HP: 19/23 MP: 5/5
   800 | D:1      | Reached XP level 3. HP: 28/28 MP: 7/7
   963 | D:2      | Found a faded altar of an unknown god.
  1045 | D:2      | Reached skill level 1 in Invocations
  1247 | D:2      | Reached skill level 1 in Short Blades
  1247 | D:2      | Reached skill level 1 in Long Blades
  1247 | D:2      | Reached skill level 1 in Axes
  1247 | D:2      | Reached skill level 1 in Maces & Flails
  1247 | D:2      | Reached skill level 1 in Staves
  1247 | D:2      | Reached skill level 1 in Slings
  1247 | D:2      | Reached skill level 1 in Bows
  1247 | D:2      | Reached skill level 1 in Crossbows
  1247 | D:2      | Reached skill level 1 in Throwing
  1247 | D:2      | Reached skill level 1 in Armour
  1247 | D:2      | Reached skill level 1 in Stealth
  1247 | D:2      | Reached skill level 1 in Unarmed Combat
  1247 | D:2      | Reached skill level 1 in Evocations
  1294 | D:2      | Reached XP level 4. HP: 28/34 MP: 8/8
  1727 | D:3      | Reached skill level 1 in Conjurations
  1727 | D:3      | Reached skill level 1 in Hexes
  1727 | D:3      | Reached skill level 1 in Summonings
  1727 | D:3      | Reached skill level 1 in Necromancy
  1727 | D:3      | Reached skill level 1 in Translocations
  1727 | D:3      | Reached skill level 1 in Transmutations
  1727 | D:3      | Reached skill level 1 in Fire Magic
  1727 | D:3      | Reached skill level 1 in Ice Magic
  1727 | D:3      | Reached skill level 1 in Air Magic
  1727 | D:3      | Reached skill level 1 in Earth Magic
  1727 | D:3      | Reached skill level 1 in Poison Magic
  1756 | D:3      | Found a shattered altar of Ashenzari.
  1757 | D:3      | Found an iron altar of Okawaru.
  1759 | D:3      | Found a radiant altar of Vehumet.
  1759 | D:3      | Found an ancient bone altar of Kikubaaqudgha.
  1761 | D:3      | Found a hide-covered altar of Uskayaw.
  1762 | D:3      | Found an opulent altar of Gozag.
  1847 | D:3      | Killed from afar by an orc wizard

Illustrated notes

Levels and vault maps discovered:
D:1:      ebering_trefoil_twist, layout_loops_ring, serial_bayou_pond_d
D:2:      layout_loops_cross, chequers_ecumenical_altar_simple_redux,
          chequers_serial_rivers_small_b, kennysheep_generic_room_14
D:3:      layout_basic, tso_oasis_becter, grunt_temple_overflow_open

Skill      XL: |  1  2  3  4 |
---------------+-------------+-----
Invocations    | 1 |  1.4
Short Blades   | 1 |  1.2
Long Blades    | 1 |  1.2
Axes           | 1 |  1.2
Maces & Flails | 1 |  1.2
Staves         | 1 |  1.2
Slings         | 1 |  1.2
Bows           | 1 |  1.2
Crossbows      | 1 |  1.2
Throwing       | 1 |  1.2
Armour         | 1 |  1.2
Stealth        | 1 |  1.2
Unarmed Combat | 1 |  1.2
Evocations     | 1 |  1.2
Spellcasting   | 3 |  3.0
Conjurations   | 1 |  1.0
Hexes          | 1 |  1.0
Summonings     | 1 |  1.0
Necromancy     | 1 |  1.0
Translocations | 1 |  1.0
Transmutations | 1 |  1.0
Fire Magic     | 1 |  1.0
Ice Magic      | 1 |  1.0
Air Magic      | 1 |  1.0
Earth Magic    | 1 |  1.0
Poison Magic   | 1 |  1.0
Fighting       | |  2.8
Polearms       | |  6.6
Dodging        | |  2.8
Shields        | |  4.7
Charms         | |  3.9

Action                   |  1- 3 |  4- 6 || total
-------------------------+-------+-------++-------
Melee: Spear             |    92 |    54 ||   146
       Bite              |     5 |     3 ||     8
 Stab: Sleeping          |     1 |       ||     1
  Eat: Chunk             |     1 |     2 ||     3
Armor: Robe              |     9 |       ||     9
       Chain mail        |     8 |    23 ||    31
Dodge: Dodged            |    20 |    10 ||    30
Block: Buckler           |       |    16 ||    16
